 Dungeon Crawl Stone Soup version 0.18.1-48-g4cf74bf (webtiles) character file.

1279 Joat the Sneak (level 8, -5/53 HPs)
             Began as an Octopode Earth Elementalist on Aug 18, 2016.
             Slain by an orc warrior
             ... wielding a +0 glaive
              (30 damage)
             ... on level 6 of the Dungeon.
             The game lasted 00:49:22 (8637 turns).

Joat the Sneak (Octopode Earth Elementalist)        Turns: 8637, Time: 00:49:31

Health: -5/53      AC:  2    Str: 11    XL:     8   Next: 54%
Magic:  11/11      EV: 16    Int: 17    God:
Gold:   350        SH:  0    Dex: 18    Spells: 1 memorised, 10 levels left

rFire  . . .     SeeInvis +     u - +3 falchion (holy)
rCold  + + .     Gourm    .     (no shield)
rNeg   . . .     Faith    .     (helmet restricted)
rPois  .         Spirit   .     (no amulet)
rElec  .         Dismiss  .     h - ring of protection from cold
rCorr  .         Reflect  .     d - ring of see invisible
SustAt .         Harm     .     c - ring of protection from cold
MR     +....                    E - ring "Dukoynn" {MR+ Str+4 Dex+3}
Stlth  +++++.....               (no ring)
                                (no ring)
                                (no ring)
                                (no ring)

@: somewhat resistant to hostile enchantments, quite stealthy
A: almost no armour, amphibious, 8 rings, constrict 8, rugged brown scales 1,
camouflage 1, gelatinous body 1
a: no special abilities


You were on level 6 of the Dungeon.
You were hungry.

You visited 1 branch of the dungeon, and saw 6 of its levels.
You also visited: Sewer.

You collected 350 gold pieces.

Inventory:

Hand Weapons
 o - a +0 falchion
 r - a +0 arbalest
 u - a +3 falchion of holy wrath (weapon)
 v - a +0 blowgun
Missiles
 a - 69 stones (quivered)
 i - 8 needles of confusion
 w - 18 poisoned needles
Jewellery
 c - a ring of protection from cold (on tentacle)
 d - a ring of see invisible (right tentacle)
 h - a ring of protection from cold (left tentacle)
 E - the ring "Dukoynn" (on tentacle) {MR+ Str+4 Dex+3}
   (You found it on level 4 of the Dungeon)

   [ring of protection from magic]

   It affects your strength (+4).
   It affects your dexterity (+3).
   It affects your resistance to hostile enchantments.
Wands
 G - a wand of iceblast (8/15)
Scrolls
 b - 2 scrolls of remove curse
 g - 4 scrolls of teleportation
 l - 2 scrolls of enchant weapon
 C - a scroll of identify
 H - a scroll of fear {unknown}
Potions
 e - 3 potions of invisibility
 f - 3 potions of curing {unknown}
 j - 2 potions of heal wounds {unknown}
 n - a potion of lignification {unknown}
 p - 2 potions of brilliance {unknown}
 q - a potion of resistance
 x - a potion of cancellation {unknown}
 B - 2 potions of ambrosia {unknown}
 D - a potion of flight {unknown}
Books
 y - a book of Conjurations

   Spells                             Type                      Level
   a - Magic Dart                     Conjuration                  1
   b - Searing Ray                    Conjuration                  2
   c - Dazzling Spray                 Conjuration/Hexes            3
   d - Fulminant Prism                Conjuration/Hexes            4
   e - Iskenderun's Mystic Blast      Conjuration                  4
   f - Iskenderun's Battlesphere      Conjuration/Charms           5
 z - a book of Geomancy

   Spells                             Type                      Level
   a - Sandblast                      Earth                        1
   b - Passwall                       Transmutation/Earth          2
   c - Stone Arrow                    Conjuration/Earth            3
   d - Petrify                        Transmutation/Earth          4
   e - Lee's Rapid Deconstruction     Earth                        5
Comestibles
 k - a meat ration
 m - 5 fruits
 t - 3 beef jerkies
 A - a slice of pizza
 F - 2 bread rations
 I - 6 chunks of flesh


   Skills:
 + Level 3.3 Fighting
 * Level 5.3 Long Blades
 * Level 5.8 Dodging
 + Level 6.3 Stealth
 - Level 1.4 Unarmed Combat
 - Level 2.4 Spellcasting
   Level 1.0 Transmutations
 - Level 3.6 Earth Magic


You had 10 spell levels left.
You knew the following spells:

 Your Spells              Type           Power        Failure   Level  Hunger
a - Sandblast             Erth           ##....       4%          1    #......


Dungeon Overview and Level Annotations

Branches:
Dungeon (6/15)
 Temple: D:4-7

Altars:
Makhleb
Okawaru
Qazlal
Trog
The Shining One

Annotations:
D:4 ceb's ghost, amateur MiBe
D:6 1 exclusion


Innate Abilities, Weirdness & Mutations

You cannot wear most types of armour.
You are amphibious.
You can wear up to eight rings at the same time.
You can use your tentacles to constrict eight enemies at once.
Your skin changes colour to match your surroundings (Stealth).
Your rubbery body absorbs attacks (AC +1).
You are partially covered in rugged brown scales (AC +1, +3% HP).


Message History

Things that are here:
a dagger; a robe; an orc corpse You hit the orc wizard.
Your grab misses the orc wizard.
The orc wizard is heavily wounded.
The orc priest calls upon Beogh to heal the orc wizard.
The orc wizard is healed somewhat.
You hear a shout!
An orc warrior comes into view. It is wielding a glaive.
You hear a bark!
The orc warrior barely misses you.
The orc wizard hits you with a dagger of distortion.
Space bends around you. The orc priest completely misses you.
You slash the orc priest! You grab the orc priest.
The orc priest is severely wounded.
You constrict the orc priest. The orc wizard casts a spell at you.
The magic dart hits you! The orc priest closely misses you.
The orc warrior hits you from afar with a glaive!!
Ouch! That really hurt!
You die...

###.###....# #.#######.....#
#. #....# #.# #.....#
##..[.####.#### #####.#
#.....=.......# #.#
#.....####.##.# #.##
#.#......<..#.# #..#
...#.........#.#########.###
###..........................
#.........o@o#+#########.###
#.........)##o..... #.##
#.......†..##...... #..#
#..........##...... ##.##
#..........###.#### #..#
#..........# ... ##.#
.########## ..o #.. ##. #.


You could see an orc warrior, an orc priest and an orc wizard.

Vanquished Creatures
  Eustachio (D:5)
  Purgy (Sewer)
  An ogre (D:6)
  A giant frog (D:6)
  3 scorpions (D:4)
  2 crimson imps (D:5)
  A giant frog skeleton (D:6)
  2 hounds (D:4)
  An orc priest (D:3)
  An iguana (D:4)
  Ijyb (D:2)
  Natasha (thrice) (D:2 D:4)
  3 orc wizards
  4 worker ants
  10 adders
  A shadow imp (D:5)
  An ooze (D:3)
  An adder skeleton (D:4)
  4 worms
  A dart slug (D:1)
  5 giant geckos
  18 orcs
  10 bats
  10 giant cockroaches
  12 goblins
  13 hobgoblins
  6 jackals
  4 quokkas
  2 ball pythons
  5 giant newts
  13 kobolds
  7 rats
148 creatures vanquished.

Notes
Turn   | Place    | Note
--------------------------------------------------------------
     0 | D:1      | Joat the Octopode Earth Elementalist began the quest for the Orb.
     0 | D:1      | Reached XP level 1. HP: 11/11 MP: 3/3
   125 | D:1      | Reached XP level 2. HP: 17/17 MP: 3/5
   401 | D:1      | Reached XP level 3. HP: 21/21 MP: 4/6
   827 | D:1      | Reached skill level 1 in Fighting
  1040 | D:2      | Reached skill level 3 in Stealth
  1079 | D:2      | Noticed Ijyb
  1118 | D:2      | Killed Ijyb
  1118 | D:2      | Reached XP level 4. HP: 14/28 MP: 0/7
  1242 | D:2      | Reached skill level 1 in Unarmed Combat
  1886 | D:2      | Reached XP level 5. HP: 30/33 MP: 5/8
  1943 | D:2      | Found a burning altar of Makhleb.
  2122 | D:2      | Noticed Natasha
  2279 | D:3      | Found an iron altar of Okawaru.
  2326 | D:3      | Reached skill level 1 in Long Blades
  2757 | D:2      | Killed Natasha
  2859 | D:2      | Noticed Natasha
  2878 | D:2      | Killed Natasha
  2878 | D:2      | Reached skill level 4 in Stealth
  4574 | D:2      | Reached XP level 6. HP: 35/39 MP: 9/9
  5131 | D:3      | Found a bloodstained altar of Trog.
  5657 | D:4      | Reached XP level 7. HP: 40/45 MP: 10/10
  5713 | D:4      | Got a wavering lapis lazuli ring
  5714 | D:4      | Identified the ring "Dukoynn" {MR+ Str+4 Dex+3} (You found it on level 4 of the Dungeon)
  5973 | D:4      | Noticed ceb's ghost (amateur MiBe)
  6099 | D:4      | Found a glowing golden altar of the Shining One.
  6210 | D:4      | Noticed Natasha
  6215 | D:4      | Killed Natasha
  6591 | D:4      | Reached skill level 5 in Stealth
  6978 | D:5      | Entered Level 5 of the Dungeon
  7024 | D:5      | Found a glowing drain.
  7050 | Sewer    | Entered a sewer
  7093 | Sewer    | Noticed Purgy
  7116 | Sewer    | Killed Purgy
  7116 | Sewer    | Reached skill level 5 in Dodging
  7549 | D:5      | Reached XP level 8. HP: 51/51 MP: 11/11
  7804 | D:5      | Noticed Eustachio
  7831 | D:5      | Killed Eustachio
  8109 | D:6      | Reached skill level 6 in Stealth
  8192 | D:6      | Found a stormy altar of Qazlal.
  8530 | D:6      | Reached skill level 5 in Long Blades
  8614 | D:6      | Gained mutation: You are partially covered in rugged brown scales (AC +1, +3% HP). [potion of beneficial mutation]
  8637 | D:6      | Slain by an orc warrior

Skill      XL: |  1  2  3  4  5  6  7  8 |
---------------+-------------------------+-----
Fighting       | 1 2 3 |  3.3
Stealth        | 3 4 5 6 |  6.3
Unarmed Combat | 1 |  1.4
Long Blades    | 2 3 4 5 |  5.3
Dodging        | 3 4 5 |  5.8
Spellcasting   | |  2.4
Transmutations | |  1.0
Earth Magic    | |  3.6

Action                   |  1- 3 |  4- 6 |  7- 9 || total
-------------------------+-------+-------+-------++-------
Melee: Unarmed           |    11 |    11 |       ||    22
       Constrict         |     2 |    37 |    39 ||    78
       Tentacles         |     2 |    26 |    26 ||    54
       Falchion          |       |   103 |   137 ||   240
       Punch             |       |       |     3 ||     3
 Fire: Blowgun           |       |     2 |     1 ||     3
 Cast: Sandblast         |    59 |    27 |    19 ||   105
  Use: Scroll            |       |       |    10 ||    10
       Potion            |       |       |     3 ||     3
 Stab: Sleeping          |       |     4 |     7 ||    11
       Confused          |       |     2 |       ||     2
  Eat: Chunk             |     1 |     9 |     8 ||    18
       Bread ration      |       |     1 |       ||     1
       Royal jelly       |       |       |     1 ||     1
       Fruit             |       |       |     1 ||     1
Armor: Skin              |     2 |     6 |     9 ||    17
Dodge: Dodged            |    14 |    67 |    92 ||   173
